Map: Ever Dream LE

Players

Methyle

  • Race: Terran Terran
  • League: Platinum
  • Spawn Location: 7:00

Petrocules - Winner!

  • Race: Zerg Zerg
  • League: Platinum
  • Spawn Location: 1:00

VOD

Have the link to the VOD?

Description

Time

  • Played on: April 16, 2020, 9:26 p.m.
  • Length: 4:18
Show
View Real Time Build Order
Export as new Build Order

Methyle Terran 

Build Orders:  

Get SALT Encoding   

  12  0:01  SCV  
  13  0:13  SCV  
  14  0:17  Supply Depot  
  14  0:25  SCV  
  15  0:39  Refinery, SCV  
  16  0:45  Barracks  
  16  0:52  SCV  
  17  1:04  SCV  
  18  1:16  SCV  
  19  1:28  SCV  
  20  1:33  Reaper  
  21  1:41  Command Center  
  21  1:45  Orbital Command  
  21  1:53  Supply Depot  
  21  1:58  Refinery  
  21  2:10  Factory  
  21  2:13  SCV  
  22  2:20  Barracks Tech Lab  
  22  2:30  SCV  
  22  2:33  Supply Depot  
  23  2:42  SCV  
  24  2:54  SCV  
  25  3:08  Command Center  
  24  3:18  Barracks Tech Lab  
  24  3:21  Starport  
  24  3:25  Supply Depot  
  24  3:26  Orbital Command  
  24  3:30  SCV  
  26  3:50  Marine  
Show
View Real Time Build Order
Export as new Build Order

Petrocules Zerg - Winner!

Build Orders: Pool First 

Get SALT Encoding   

  12  0:01  Drone  
  13  0:15  Overlord  
  13  0:18  Drone  
  14  0:34  Drone x2  
  16  0:37  Drone  
  17  0:43  Extractor  
  17  0:47  Spawning Pool  
  15  0:51  Drone  
  16  1:00  Drone  
  17  1:09  Drone  
  18  1:26  Drone  
  18  1:27  Hatchery  
  18  1:36  Queen  
  20  1:44  Metabolic Boost  
  20  1:55  Roach Warren  
  20  1:59  Zergling x2  
  20  2:06  Drone  
  20  2:07  Drone  
  22  2:14  Overlord  
  22  2:22  Overlord  
  22  2:41  Roach x2  
  22  2:43  Roach  
  28  2:56  Roach x4  
  36  3:02  Roach  
  38  3:17  Overlord  
  38  3:23  Overlord  
  38  3:24  Overlord  
  38  3:25  Zergling x2  
  38  3:26  Zergling x2  
  40  3:42  Zergling x8  
Tags
 
Add a new tag
Caveats
  • Supply blocks, unpowered buildings, or Contaminate may cause inaccurate times.
  • Supply counts are checked every 10 seconds.